 Dungeon Crawl Stone Soup version 0.25-a0-292-gaa31f046c4 (webtiles) character file.

Game seed: 8541775301201401284, levelgen mode: classic

361 Borgoz the Shield-Bearer (level 6, -1/43 HPs)
             Began as a Halfling Fighter on Dec 15, 2019.
             Slain by Borgoz's ghost (13 damage)
             ... on level 3 of the Dungeon.
             The game lasted 00:02:24 (1910 turns).

Borgoz the Shield-Bearer (Halfling Fighter)         Turns: 1910, Time: 00:02:25

Health: -1/43      AC:  7    Str: 22 (23) XL:     6   Next: 99%
Magic:  6/6        EV: 11    Int:  3 (6)  God:
Gold:   40         SH: 10    Dex: 12 (15) Spells: 5/5 levels left

rFire    . . .     SeeInvis .   a - +0 rapier
rCold    . . .     Gourm    .   c - +0 shield
rNeg     . . .     Faith    .   b - +0 scale mail
rPois    .         Spirit   .   (no helmet)
rElec    .         Reflect  .   (no cloak)
rCorr    .         Harm     .   (no gloves)
MR       .....                  (no boots)
Stlth    ..........             (no amulet)
HPRegen  0.14/turn              (no ring)
MPRegen  0.10/turn              (no ring)

@: mighty
A: small, mutation resistance 1
a: no special abilities


You were on level 3 of the Dungeon.
You were hungry.

You visited 1 branch of the dungeon, and saw 3 of its levels.

You collected 40 gold pieces.

Inventory:

Hand Weapons
 a - a +0 rapier (weapon)
Armour
 b - a +0 scale mail (worn)
 c - a +0 shield (worn)
Jewellery
 m - a +2 ring of evasion {unknown}
Wands
 o - a wand of disintegration (18)
Scrolls
 i - a scroll of magic mapping {unknown}
 n - a scroll of teleportation {unknown}
 p - 3 scrolls of remove curse {unknown}
Potions
 d - a potion of might
 k - a potion of agility
 l - a potion of haste
Comestibles
 f - 7 rations


   Skills:
 + Level 3.7 Fighting
 + Level 4.2 Short Blades
 + Level 4.5 Armour
 + Level 2.9 Dodging
 + Level 4.6 Shields


You had 5 spell levels left.
You didn't know any spells.
Your spell library was empty.

Dungeon Overview and Level Annotations

Branches:
Dungeon (3/15)

Altars:

Annotations:
D:3 Borgoz's ghost, amateur GrGl; Hyawatha's ghost, weakling GrAr


Innate Abilities, Weirdness & Mutations

You are small and have problems with some larger weapons.
You are somewhat resistant to further mutation.


Message History

You block Borgoz's ghost's attack.
You puncture Borgoz's ghost!
Borgoz's ghost is moderately damaged.
Borgoz's ghost hits you!
* * * LOW HITPOINT WARNING * * *
You closely miss Borgoz's ghost.
Borgoz's ghost is moderately damaged.
You are feeling hungry.
Borgoz's ghost closely misses you.
It was a potion of degeneration.
There was something very wrong with that liquid.
You feel weakened.
You feel dopey.
You feel clumsy. You block Borgoz's ghost's attack.
You puncture Borgoz's ghost!
Borgoz's ghost is heavily damaged.
Borgoz's ghost barely misses you.
You closely miss Borgoz's ghost.
Borgoz's ghost is heavily damaged.
Borgoz's ghost hits you!
You die...

.#####.#.###########.#
.......#.##$)8.#####'#####
.#########8....#.##......#
.# ?.....#.##......# .#
P.....'.##......# .#
⌠.....'..#......# .#
P.....'W........# .#
[.....#W##........
.#########8....#@###+###....
.........##.$8$### ....
..........##### ...
............# ............#
............# ............#
#...........# ............#


You could see Borgoz's ghost and Hyawatha's ghost.

Vanquished Creatures
  The ghost of grouchysmurf the Grave Robber, an amateur HONe (D:3)
  The ghost of night the Chopper, an amateur DsGl of Cheibriados (D:3)
  Jessica (D:2)
  Terence (D:2)
  Natasha (D:2)
  2 adders (D:2)
  A worm (D:1)
  3 dart slugs (D:2)
  6 bats
  3 giant cockroaches
  10 goblins
  3 hobgoblins
  A jackal (D:2)
  A quokka (D:2)
  A ball python (D:1)
  3 frilled lizards
  10 kobolds
  5 rats
54 creatures vanquished.

Notes
Turn   | Place    | Note
-------+----------+-------------------------------------------
     0 | D:1      | Borgoz the Halfling Fighter began the quest for the Orb.
     0 | D:1      | Reached XP level 1. HP: 15/15 MP: 1/1
   116 | D:1      | Reached XP level 2. HP: 20/20 MP: 2/2
   356 | D:1      | Reached XP level 3. HP: 25/25 MP: 3/3
   485 | D:1      | Reached skill level 1 in Dodging
   803 | D:2      | Noticed Terence
   816 | D:2      | Killed Terence
   816 | D:2      | Reached XP level 4. HP: 22/31 MP: 4/4
   831 | D:2      | Noticed Jessica
   840 | D:2      | Killed Jessica
   868 | D:2      | Reached XP level 5. HP: 19/36 MP: 5/5
  1179 | D:2      | Noticed Natasha
  1190 | D:2      | Killed Natasha
  1877 | D:3      | Found a runed translucent gate.
  1877 | D:3      | Noticed Hyawatha's ghost (weakling GrAr)
  1878 | D:3      | Found a runed translucent gate.
  1878 | D:3      | Found a runed translucent gate.
  1878 | D:3      | Noticed grouchysmurf's ghost (amateur HONe)
  1878 | D:3      | Noticed Borgoz's ghost (amateur GrGl)
  1878 | D:3      | Noticed night's ghost (amateur DsGl)
  1893 | D:3      | Killed grouchysmurf's ghost
  1893 | D:3      | Reached XP level 6. HP: 27/42 MP: 6/6
  1901 | D:3      | Killed night's ghost
  1910 | D:3      | Slain by Borgoz's ghost

Levels and vault maps discovered:
D:1:      evilmike_arrival_run_for_it, layout_loops_ring
D:2:      layout_rooms, hangedman_feature_mirror, uniq_natasha, uniq_terence,
          uniq_jessica
D:3:      layout_basic, nicolae_overflow_crystal_walls,
          gammafunk_ghost_cemetery, first_ration

Skill      XL: |  1  2  3  4  5 |
---------------+----------------+-----
Dodging        | 1 2 |  2.9
Fighting       | 3 |  3.7
Short Blades   | 3 4 |  4.2
Shields        | 4 |  4.6
Armour         | 4 |  4.5

Action                   |  1- 3 |  4- 6 || total
-------------------------+-------+-------++-------
Melee: Rapier            |    99 |    97 ||   196
  Use: Scroll            |       |     3 ||     3
       Potion            |       |     4 ||     4
  Eat: Chunk             |       |     3 ||     3
Armor: Scale mail        |    30 |    29 ||    59
Dodge: Dodged            |    39 |    39 ||    78
Block: Shield            |    49 |    53 ||   102

Table legend:
 A = Non-vault XP
 B = Vault XP
 C = Vault XP percentage of total XP
 D = Non-vault monster count
 E = Vault monster count
 F = Vault count percentage of total count
                 A         B        C        D         E       F
            +---------+---------+-------+---------+---------+-------
      Total |      82 |     435 |  84.1 |      42 |      12 |  22.2
            +---------+---------+-------+---------+---------+-------
        D:1 |      35 |       5 |  12.5 |      22 |       1 |   4.3
        D:2 |      37 |     131 |  78.0 |      13 |       9 |  40.9
        D:3 |      10 |     299 |  96.8 |       7 |       2 |  22.2
            +---------+---------+-------+---------+---------+-------
